 Dungeon Crawl Stone Soup version 0.24.0-123-gd5b16e6ec5 (webtiles) character file.

Game seed: 15206352493035922259, levelgen mode: deterministic

1632 Descartes the Sneak (level 8, -2/36 HPs)
             Began as a Spriggan Fire Elementalist on Jan 8, 2020.
             Was an Initiate of Gozag.
             Killed from afar by Pikel (12 damage)
             ... with an iceblast
             ... on level 5 of the Dungeon.
             The game lasted 00:25:37 (9266 turns).

Descartes the Sneak (Spriggan Fire Elementalist)    Turns: 9266, Time: 00:25:38

Health: -2/36      AC:  4    Str:  4    XL:     8   Next: 66%
Magic:  0/17       EV: 22    Int: 19    God:    Gozag
Gold:   171        SH:  0    Dex: 16    Spells: 12/18 levels left

rFire    . . .     SeeInvis +   r - +0 hunting sling
rCold    . . .     Gourm    .   (shield restricted)
rNeg     . . .     Faith    .   B - +1 robe
rPois    .         Spirit   +   (helmet restricted)
rElec    .         Reflect  .   y - +0 cloak
rCorr    .         Harm     .   (gloves unavailable)
MR       +....                  (boots unavailable)
Stlth    ++++......             l - amulet of guardian spirit
HPRegen  0.12/turn              s - ring of flight
MPRegen  0.15/turn              (no ring)

@: very quick
A: very small, unfitting armour, see invisible, herbivore, speed 3, slow
metabolism 2
a: Potion Petition, Call Merchant, Bribe Branch, Renounce Religion, Evoke Flight


You were on level 5 of the Dungeon.
You worshipped Gozag.
Gozag was aware of your devotion.
You were hungry.

You visited 2 branches of the dungeon, and saw 7 of its levels.
You also visited: Sewer.

You collected 276 gold pieces.
You paid 105 gold pieces to Gozag.

Inventory:

Hand Weapons
 a - a +4 falchion of flaming
 b - a +0 hand crossbow
 r - a +0 hunting sling (weapon)
 x - a +0 rapier
 C - a +0 shortbow
Missiles
 d - 8 javelins
 j - 5 bolts
 m - 79 arrows
 o - 119 stones (quivered)
Armour
 y - a +0 cloak (worn)
 B - a +1 robe (worn)
Jewellery
 l - an amulet of guardian spirit (around neck)
 s - a ring of flight (left hand)
Scrolls
 e - a scroll of enchant armour
 f - a scroll of fog
 q - 2 scrolls of teleportation {unknown}
 t - 2 scrolls of remove curse
 z - a scroll of identify
 A - 2 scrolls of magic mapping
Potions
 g - 2 potions of haste {unknown}
 h - 2 potions of heal wounds {unknown}
 k - 3 potions of brilliance
 n - a potion of agility {unknown}
 p - 3 potions of mutation {unknown}
 u - 2 potions of flight {unknown}
 v - a potion of resistance {unknown}
 w - a potion of magic {unknown}
Comestibles
 c - 14 rations


   Skills:
 + Level 6.5 Dodging
 + Level 7.1 Stealth
 + Level 5.5 Spellcasting
 * Level 4.4 Conjurations
 * Level 5.5 Fire Magic


You had 12 spell levels left.
You knew the following spells:

 Your Spells              Type           Power        Failure   Level  Hunger
a - Flame Tongue          Conj/Fire      ###..        1%          1    None
b - Throw Flame           Conj/Fire      ###...       2%          2    None
c - Conjure Flame         Conj/Fire      ###.....     4%          3    ##.....

Your spell library contained the following spells:

 Spells                   Type           Power        Failure   Level  Hunger
 Magic Dart               Conj           ###.         1%          1    None
 Inner Flame              Hex/Fire       ###.....     12%         3    ##.....
 Sticky Flame             Conj/Fire      ###.....     16%         4    ####...
 Blink                    Tloc           N/A          19%         2    None
 Call Imp                 Summ           #.......     19%         2    None
 Slow                     Hex            #.......     19%         2    None
 Mephitic Cloud           Conj/Pois/Air  ##......     19%         3    ##.....
 Fireball                 Conj/Fire      ###.......   38%         5    #####..


Dungeon Overview and Level Annotations

Branches:
Dungeon (6/15)             Temple (1/1) D:6           Sewer (visited)

Altars:
Elyvilon
Fedhas
Gozag
Hepliaklqana
Kikubaaqudgha
Makhleb
Nemelex Xobeh
Okawaru
Trog
Uskayaw
Yredelemnul
The Shining One
Lugonu

Shops:
D:4 (([

Annotations:
D:5 Pikel


Innate Abilities, Weirdness & Mutations

You are very small and have problems with some larger weapons.
You are too small for most types of armour.
You have supernaturally acute eyesight. (SInv)
You are a herbivore.
You cover ground extremely quickly.
You need to consume almost no food.


Message History

Aim: Pikel, wielding a +0 whip of flaming, wearing a +0 robe and carrying a wand of iceblast (6) (moderately wounded)
The flame tongue hits Pikel.
Pikel is heavily wounded.
Casting: Flame Tongue (safe; 1% risk of failure)
Confirm with . or Enter, or press ? or * to list all spells.
Aiming: Flame Tongue (safe; 1% risk of failure)
Press: ? - help, Shift-Dir - straight line, f/p - Pikel
Aim: Pikel, wielding a +0 whip of flaming, wearing a +0 robe and carrying a wand of iceblast (6) (heavily wounded)
The flame tongue hits Pikel!
Pikel is severely wounded.
Pikel zaps a wand.
The mass of ice explodes!
The iceblast engulfs you!
Pikel zaps a wand.
The mass of ice explodes!
The iceblast engulfs you.
* * * LOW HITPOINT WARNING * * *
Casting: Flame Tongue (safe; 1% risk of failure)
Confirm with . or Enter, or press ? or * to list all spells.
You can't see any susceptible monsters within range! (Use Z to cast anyway.) Unknown command.
Pikel zaps a wand.
The mass of ice explodes!
The iceblast engulfs you!
You die...
Your body crumbles into a pile of gold.

*,,,,,**#.....#........... ***
**,*,,,,......##..........
**,***,,**,*,#.##...K..........
*,,,**,,,,,**#*#...............
*,,,,,,,,,,,,####..............
*,,,,,,,*,,*##..#..............
**,,*,,,*,,*#.................,
*,,,,,,...###................,,
*,,,,,*.......@.#...#....##.#,,
****,,,.........#.....#....,**,
*,,,<..........##.##....,*,,
**,,,.........#.#*##,,..,,,,*
**,,**#............,,,,,,,,,,,
*,,,,*#.........##.#,,,,,,,,,,
**,,,*...........*##***,,,,,,,
**,,**............******,,,,,,
*,,,***,,,,,,,,,,,<,**,*,,,,,,


You could see Pikel.

Vanquished Creatures
  Eustachio (D:4)
  Menkaure (D:5)
  3 slaves (D:5)
  A black bear (D:5)
  A phantom (D:5)
  4 ogres (D:4)
  A crocodile (Sewer)
  Blork the orc (D:6)
  A water moccasin zombie (D:6)
  A crimson imp (D:5)
  A bullfrog zombie (D:5)
  3 hounds
  A centaur skeleton (D:4)
  An orc priest (D:6)
  2 orc wizards (D:6)
  2 iguanas (D:5)
  3 worker ants
  7 adders
  7 gnolls (D:4)
  An ooze (D:2)
  An adder skeleton (D:4)
  An adder zombie (D:5)
  5 worms
  3 dart slugs
  8 leopard geckos
  11 orcs
  6 giant cockroaches
  6 hobgoblins
  4 jackals
  12 kobolds
  3 bats (D:3)
  8 frilled lizards
  9 goblins
  A jackal zombie (D:5)
  A quokka zombie (D:6)
  7 rats
129 creatures vanquished.

Vanquished Creatures (others)
  7 toadstools (D:1)
7 creatures vanquished.

Grand Total: 136 creatures vanquished

Notes
Turn   | Place    | Note
-------+----------+-------------------------------------------
     0 | D:1      | Descartes the Spriggan Fire Elementalist began the quest
                  | for the Orb.
     0 | D:1      | Reached XP level 1. HP: 9/9 MP: 5/5
   306 | D:1      | Reached XP level 2. HP: 13/13 MP: 0/6
   539 | D:1      | Reached skill level 1 in Conjurations
   543 | D:1      | Learned a level 2 spell: Throw Flame
  1175 | D:1      | Reached XP level 3. HP: 16/16 MP: 0/8
  1951 | D:2      | Found a sparkling altar of Nemelex Xobeh.
  2216 | D:2      | Found a sparkling altar of Nemelex Xobeh.
  2444 | D:2      | Reached XP level 4. HP: 21/21 MP: 6/9
  3045 | D:3      | Found an iron altar of Okawaru.
  3144 | D:3      | Found a glowing drain.
  3167 | Sewer    | Entered a sewer
  3399 | Sewer    | Noticed a crocodile
  3434 | Sewer    | Killed a crocodile
  3434 | Sewer    | Reached skill level 4 in Stealth
  3434 | Sewer    | Reached XP level 5. HP: 14/24 MP: 3/11
  4059 | D:3      | Found a basalt altar of Yredelemnul.
  4304 | D:4      | Noticed an ogre
  4489 | D:4      | Reached XP level 6. HP: 28/28 MP: 7/12
  4544 | D:3      | Learned a level 3 spell: Conjure Flame
  4591 | D:4      | Found Butec's Antique Armour Emporium.
  5062 | D:4      | Reached skill level 5 in Stealth
  5235 | D:4      | Found Moload's Weapon Shoppe.
  5236 | D:4      | Found Huwyz's Weapon Shoppe.
  5242 | D:4      | Reached XP level 7. HP: 32/32 MP: 5/14
  5343 | D:4      | Reached skill level 5 in Dodging
  5741 | D:5      | Entered Level 5 of the Dungeon
  5741 | D:5      | Noticed Eustachio
  5982 | D:4      | Killed Eustachio
  5982 | D:4      | Reached skill level 6 in Stealth
  6309 | D:5      | Noticed Menkaure
  6314 | D:5      | Killed Menkaure
  6314 | D:5      | Reached XP level 8. HP: 35/36 MP: 14/16
  6546 | D:5      | Found an ancient bone altar of Kikubaaqudgha.
  6546 | D:5      | Found a white marble altar of Elyvilon.
  6747 | D:5      | Reached skill level 5 in Spellcasting
  6747 | D:5      | Reached skill level 5 in Fire Magic
  7161 | D:6      | Found a hazy altar of Hepliaklqana.
  7321 | D:6      | Noticed Blork the orc
  7533 | D:6      | Noticed Pikel
  7783 | D:5      | Reached skill level 7 in Stealth
  7890 | D:6      | Killed Blork the orc
  8430 | D:6      | Found a staircase to the Ecumenical Temple.
  8456 | Temple   | Entered the Ecumenical Temple
  8497 | Temple   | Became a worshipper of Gozag Ym Sagoz the Greedy
  8965 | D:5      | Found a white marble altar of Elyvilon.
  8966 | D:5      | Found an ancient bone altar of Kikubaaqudgha.
  9266 | D:5      | Killed from afar by Pikel

Levels and vault maps discovered:
D:1:      nagdon_arrival_double_spiral, layout_loops_corners,
          hangedman_decor_diamond_cutter, minmay_misc_feat_more_columns
D:2:      layout_basic, old_standard_altar, nemelex_dance_club_becter
D:3:      layout_basic, nicolae_overflow_crystal_walls,
          overflow_temple_1_default, portal_sewer_entry_f
D:4:      layout_basic, serial_shops, shop, shop_fountains, nicolae_shop_trees,
          first_ration
D:5:      layout_cave_pools, chequers_temple_overflow_statue_of_worship,
          uniq_eustachio, uniq_menkaure
D:6:      layout_rooms, lemuel_doored_altar, old_standard_altar,
          minmay_temple_entry_drinking_statues, uniq_pikel,
          uniq_crazy_yiuf_cottage, uniq_blork_the_orc
Temple:   corrupted_temple

Skill      XL: |  1  2  3  4  5  6  7  8 |
---------------+-------------------------+-----
Conjurations   | 1 2 3 4 |  4.4
Spellcasting   | 3 4 5 |  5.5
Fire Magic     | 3 4 5 |  5.5
Dodging        | 4 5 6 |  6.5
Stealth        | 4 5 6 7 |  7.1

Action                   |  1- 3 |  4- 6 |  7- 9 || total
-------------------------+-------+-------+-------++-------
Melee: Hand crossbow     |       |       |     2 ||     2
       Falchion          |       |       |    19 ||    19
 Fire: Hand crossbow     |       |    49 |   145 ||   194
       Hunting sling     |       |       |    30 ||    30
Throw: Stone             |       |       |    16 ||    16
       Dart              |       |       |    13 ||    13
 Cast: Flame Tongue      |    67 |    83 |   124 ||   274
       Throw Flame       |     3 |     2 |     4 ||     9
       Conjure Flame     |       |     5 |     9 ||    14
  Use: Scroll            |       |     4 |     2 ||     6
 Stab: Sleeping          |       |       |     1 ||     1
  Eat: Ration            |       |     1 |     2 ||     3
Armor: Robe              |     3 |     1 |    23 ||    27
Dodge: Dodged            |    20 |    38 |   190 ||   248
       Rpst.: Falchion   |       |       |     7 ||     7
